 Dungeon Crawl Stone Soup version 0.30.1-9-gdf580d7c3d (webtiles) character file.

Game seed: 12654636768192119967

1936 leafyfresh the Covert (level 9, -13/76 HPs)
             Began as a Gnoll Delver on Oct 12, 2023.
             Was a Believer of Ashenzari.
             Mangled by a two-headed ogre
             ... wielding a +0 giant spiked club
              (19 damage)
             ... on level 7 of the Dungeon.
             The game lasted 00:14:32 (5785 turns).

leafyfresh the Covert (Gnoll Delver)                Turns: 5785, Time: 00:14:32

Health: -13/76     AC:  8    Str: 10    XL:     9   Next: 17%
Magic:  0/16       EV: 15    Int: 10    God:    Ashenzari [**....]
Gold:   356        SH:  0    Dex: 21    Spells: 9/18 levels left

rFire   . . .        o - +3 short sword
rCold   . . .        (no shield)
rNeg    . . .        a - +0 leather armour "At What Cost Knowledge?" {Bglg, Alch} (curse)
rPois   +            l - +0 helmet of the Restrained Ether {Elem, Self} (curse)
rElec   .            (no cloak)
rCorr   .            (no gloves)
SInv    +            (no boots)
Will    +....        y - amulet of Fixation {Spirit rPois SInv}
Stlth   +++++        q - ring "Oscillating Fan" {AC+4, Fort, Evo} (curse)
HPRegen 0.32/turn    J - ring of willpower
MPRegen 0.15/turn

%: guardian spirit
@: no status effects
A: fangs 1, strong nose, distributed training, agile 1
a: Renounce Religion, Shatter the Chains


You were on level 7 of the Dungeon.
You worshipped Ashenzari.
Ashenzari was pleased with you.
You visited 2 branches of the dungeon, and saw 8 of its levels.

You collected 356 gold pieces.

Inventory:

Hand Weapons
 m - a +1 hand axe of electrocution
 o - a +3 short sword (weapon)
 C - a +1 vampiric spear
Missiles
 n - 4 boomerangs (quivered)
Armour
 a - the cursed +0 leather armour "At What Cost Knowledge?" (worn) {Bglg, Alch}

   It has a curse which improves the following skills: Beguiling: Conjurations,
   Hexes and Translocations.
   Alchemy:   Poison Magic and Transmutations.
 l - the cursed +0 helmet of the Restrained Ether (worn) {Elem, Self}
   (You found it on level 3 of the Dungeon)

   It has a curse which improves the following skills: Elements: Fire Magic, Ice
   Magic, Air Magic and Earth Magic.
   Introspection: Fighting and Spellcasting.
 A - a +0 crystal plate armour
Magical Staves
 G - a staff of air
Jewellery
 q - the cursed ring "Oscillating Fan" (left hand) {AC+4, Fort, Evo}
   (You found it on level 2 of the Dungeon)

   [ring of protection]

   AC:        It affects your AC (+4).
   It has a curse which improves the following skills: Fortitude: Armour and
   Shields.
   Evocations: Evocations.
 y - the amulet of Fixation (around neck) {Spirit rPois SInv}
   (You took it off an orc on level 4 of the Dungeon)

   [amulet of guardian spirit]

   It causes incoming damage to be divided between your reserves of health and
   magic.
   rPois:     It protects you from poison.
   SInv:      It lets you see invisible.
 J - a ring of willpower (right hand)
Wands
 f - a wand of digging (3)
 E - a wand of polymorph (12)
Scrolls
 b - a scroll of fog
 c - 5 scrolls of magic mapping
 d - 3 scrolls of fear
 j - 3 scrolls of immolation
 k - a scroll of summoning
 p - 6 scrolls of identify
 s - 2 scrolls of teleportation
 t - a scroll of enchant weapon
 v - 2 scrolls of blinking
 B - a scroll of enchant armour
 F - a scroll of brand weapon
 I - a scroll of amnesia
Potions
 e - a potion of haste
 g - 3 potions of might
 h - a potion of brilliance
 i - a potion of resistance
 r - a potion of ambrosia
 u - a potion of lignification
 w - 6 potions of curing
 x - 2 potions of invisibility
 z - a potion of magic
 D - a potion of mutation
 H - a potion of heal wounds


   Skills:
 + Level 7.8(9.0) Fighting
 + Level 4.1 Short Blades
 + Level 4.1 Long Blades
 + Level 4.1 Axes
 + Level 4.1 Maces & Flails
 + Level 4.1 Polearms
 + Level 4.1 Staves
 + Level 4.1 Ranged Weapons
 + Level 4.1 Throwing
 + Level 4.1(5.2) Armour
 + Level 6.2 Dodging
 + Level 10.4 Stealth
 + Level 4.1(5.2) Shields
 + Level 6.2 Unarmed Combat
 + Level 4.1(5.2) Spellcasting
 + Level 3.4(4.4) Conjurations
 + Level 3.4(4.4) Hexes
 + Level 3.4 Summonings
 + Level 3.4 Necromancy
 + Level 3.4(4.4) Translocations
 + Level 3.4(4.4) Transmutations
 + Level 3.4(4.4) Fire Magic
 + Level 3.4(4.4) Ice Magic
 + Level 3.4(4.4) Air Magic
 + Level 3.4(4.4) Earth Magic
 + Level 3.4(4.4) Poison Magic
 + Level 4.5 Invocations
 + Level 4.1(5.2) Evocations


You had 9 spell levels left.
You knew the following spells:

 Your Spells              Type           Power      Damage    Failure   Level
a - Blink                 Tloc           22%        N/A       7%          2
b - Vampiric Draining     Necr           9%         2d6       22%         3
c - Confusing Touch       Hex            11%        N/A       14%         3
d - Slow                  Hex            44%        N/A       4%          1

Your spell library contained the following spells:

 Spells                   Type           Power      Damage    Failure   Level
 Dazzling Flash           Conj/Hex       22%        N/A       14%         3
 Inner Flame              Hex/Fire       11%        N/A       14%         3
 Portal Projectile        Hex/Tloc       22%        N/A       14%         3
 Tukima's Dance           Hex            11%        N/A       14%         3
 Flame Wave               Conj/Fire      11%        2d6       43%         4
 Manifold Assault         Tloc           11%        N/A       43%         4
 Sticky Flame             Conj/Fire      11%        2d3       43%         4
 Blade Hands              Tmut           5%         N/A       78%         5
 Silence                  Hex/Air        5%         N/A       78%         5
 Agony                    Necr           9%         N/A       90%         5
 Storm Form               Tmut/Air       5%         N/A       100%        7


Dungeon Overview and Level Annotations

Branches:
Dungeon (7/15)             Temple (1/1) D:5

Altars:
Ashenzari
Dithmenos
Elyvilon
Fedhas
Hepliaklqana
Makhleb
Nemelex Xobeh
Okawaru
Qazlal
Ru
Sif Muna
Trog
Wu Jian
Zin
The Shining One

Shops:
D:5 =

Annotations:
D:4 2 transporters


Innate Abilities, Weirdness & Mutations

You have very sharp teeth.
Your uncanny sense of smell can sniff out nearby items.
Your experience applies equally to all skills.
You are agile. (Dex +4, Str/Int -1)


Message History

You completely miss the two-headed ogre.
The two-headed ogre is lightly wounded.
The two-headed ogre hits you with a +0 giant spiked club!!
The two-headed ogre barely misses you.
You hit the two-headed ogre.
The two-headed ogre is lightly wounded.
You hit the two-headed ogre.
You bite the two-headed ogre, but do no damage.
The two-headed ogre is lightly wounded.
The two-headed ogre barely misses you. The two-headed ogre misses you.
You puncture the two-headed ogre! You bite the two-headed ogre.
The two-headed ogre is moderately wounded.
You hit the two-headed ogre but do no damage.
The two-headed ogre is moderately wounded.
The two-headed ogre barely misses you. x2
You puncture the two-headed ogre!
The two-headed ogre is heavily wounded.
You hit the two-headed ogre.
The two-headed ogre is heavily wounded.
The two-headed ogre hits you with a +0 giant spiked club!!
The two-headed ogre hits you with a +0 giant club!
You are too injured to fight recklessly!
You are too injured to fight recklessly!
Unknown command.
You hit the two-headed ogre.
The two-headed ogre is heavily wounded.
You hit the two-headed ogre.
The two-headed ogre is heavily wounded.
The two-headed ogre hits you with a +0 giant spiked club!!
* * * LOW HITPOINT WARNING * * *
The two-headed ogre hits you with a +0 giant club.
* * * LOW HITPOINT WARNING * * *
You hit the two-headed ogre.
You bite the two-headed ogre, but do no damage.
The two-headed ogre is severely wounded.
You hit the two-headed ogre.
The two-headed ogre is severely wounded.
The two-headed ogre barely misses you.
The two-headed ogre hits you with a +0 giant club!!
You die...

.......###
###.......# ##...###
##.#.#.#.#.# #.###
#..........# ##.##
##.##+##.#.# #...##
#..# ..., * ###..##
##.+, ### ##..###
#..# ,.#
##...####.##+##.####.
#...........@O......
#......#.#.#.#.##..$
#.....####...#*#* *
#.....# ##...# *, *
##....## #...#*, , *
#.....# ##....,, ,
#.....# ##.... , *
#....## ,...., ,
##....## ,


You could see a two-headed ogre.

Vanquished Creatures
  Sigmund (D:6)
  A water moccasin (D:6)
  An ice beast (D:6)
  2 ogres
  A centaur (D:5)
  A phantom (D:6)
  2 bullfrogs (D:6)
  3 scorpions
  4 wights (D:6)
  A howler monkey (D:4)
  A hound (D:5)
  2 gnoll boudas
  2 jellies (D:4)
  4 iguanas
  3 sleepcaps
  Terence (D:3)
  3 orc wizards (D:7)
  15 gnolls
  5 adders
  2 worms
  2 dart slugs
  5 orcs
  10 endoplasms
  5 giant cockroaches
  2 goblins
  9 hobgoblins
  7 jackals (D:1)
  7 kobolds
  5 quokkas
  14 ball pythons
  4 bats
  5 frilled lizards
  5 rats
135 creatures vanquished.

Notes
Turn   | Place    | Note
-------+----------+-------------------------------------------
     0 | D:5      | Reached skill level 9 in Stealth
     0 | D:5      | leafyfresh the Gnoll Delver began the quest for the Orb.
     0 | D:5      | Reached XP level 1. HP: 23/23 MP: 1/1
    40 | D:5      | Noticed a hound
    45 | D:5      | Found a staircase to the Ecumenical Temple.
    54 | Temple   | Entered the Ecumenical Temple
   148 | Temple   | Became a worshipper of Ashenzari the Shackled
   193 | D:5      | Noticed an iguana
   197 | D:5      | Found Wuut's Jewellery Boutique.
   202 | D:4      | Found a shadowy altar of Dithmenos.
   227 | D:4      | Found a transporter.
   317 | D:4      | Noticed a jelly
   319 | D:4      | Noticed an iguana
   398 | D:3      | Found a blossoming altar of Fedhas.
   527 | D:3      | Found an iron altar of Okawaru.
   538 | D:3      | Reached XP level 2. HP: 19/29 MP: 2/2
   784 | D:3      | Reached XP level 3. HP: 35/35 MP: 4/4
   819 | D:3      | Noticed Terence
   831 | D:3      | Killed Terence
   832 | D:3      | Reached skill level 1 in Short Blades
   832 | D:3      | Reached skill level 1 in Long Blades
   832 | D:3      | Reached skill level 1 in Axes
   832 | D:3      | Reached skill level 1 in Maces & Flails
   832 | D:3      | Reached skill level 1 in Polearms
   832 | D:3      | Reached skill level 1 in Staves
   832 | D:3      | Reached skill level 1 in Ranged Weapons
   832 | D:3      | Reached skill level 1 in Throwing
   832 | D:3      | Reached skill level 1 in Armour
   832 | D:3      | Reached skill level 1 in Shields
   832 | D:3      | Reached skill level 1 in Spellcasting
   832 | D:3      | Reached skill level 1 in Invocations
   832 | D:3      | Reached skill level 1 in Evocations
   832 | D:3      | Reached XP level 4. HP: 43/43 MP: 5/5
   882 | D:3      | Found a sparkling altar of Nemelex Xobeh.
   959 | D:3      | Found a glowing golden altar of the Shining One.
  1398 | D:2      | Reached skill level 1 in Conjurations
  1398 | D:2      | Reached skill level 1 in Hexes
  1398 | D:2      | Reached skill level 1 in Summonings
  1398 | D:2      | Reached skill level 1 in Necromancy
  1398 | D:2      | Reached skill level 1 in Translocations
  1398 | D:2      | Reached skill level 1 in Transmutations
  1398 | D:2      | Reached skill level 1 in Fire Magic
  1398 | D:2      | Reached skill level 1 in Ice Magic
  1398 | D:2      | Reached skill level 1 in Air Magic
  1398 | D:2      | Reached skill level 1 in Earth Magic
  1398 | D:2      | Reached skill level 1 in Poison Magic
  1614 | D:2      | Reached XP level 5. HP: 48/48 MP: 7/7
  2211 | D:1      | Found a faded altar of an unknown god.
  2699 | D:4      | Reached XP level 6. HP: 33/55 MP: 9/9
  2802 | D:4      | Identified the amulet of Fixation {Spirit rPois SInv}
  2820 | D:4      | Learned a level 2 spell: Blink
  2848 | D:4      | Found a stormy altar of Qazlal.
  2873 | D:4      | Found a transporter.
  2908 | D:4      | Found an ornate altar of the Wu Jian Council.
  2987 | D:4      | Reached skill level 5 in Dodging
  2987 | D:4      | Reached skill level 5 in Unarmed Combat
  3338 | D:4      | Reached * piety under Ashenzari
  3797 | D:5      | Reached XP level 7. HP: 60/61 MP: 11/11
  4027 | D:5      | Reached skill level 10 in Stealth
  4446 | D:5      | Learned a level 3 spell: Vampiric Draining
  4450 | D:5      | Learned a level 3 spell: Confusing Touch
  4452 | D:5      | Learned a level 1 spell: Slow
  4470 | D:6      | Reached XP level 8. HP: 57/68 MP: 10/13
  4546 | D:6      | Found a bloodstained altar of Trog.
  4551 | D:6      | Noticed Sigmund
  4568 | D:6      | Killed Sigmund
  5190 | D:6      | Found a burning altar of Makhleb.
  5207 | D:6      | Gained mutation: You are agile. (Dex +4, Str/Int -1)
                  | [potion of mutation]
  5207 | D:6      | Gained mutation: You sometimes lose your temper in combat.
                  | [potion of mutation]
  5207 | D:6      | Lost mutation: You sometimes lose your temper in combat.
                  | [potion of mutation]
  5355 | D:6      | Found a shimmering blue altar of Sif Muna.
  5442 | D:6      | Reached XP level 9. HP: 61/75 MP: 12/16
  5598 | D:6      | Reached ** piety under Ashenzari
  5768 | D:7      | Noticed a two-headed ogre
  5785 | D:7      | Mangled by a two-headed ogre

Illustrated notes

Levels and vault maps discovered:
D:1:      amcnicky_arrival_flooded_fountain, layout_rooms,
          shapermc_ecumenical_altar_notcrosses, minmay_tromino_v4_b
D:2:      layout_rooms, minivault_4
D:3:      layout_loops_ring, okawaru_metal_pillars_1_2, general_overflow_altar,
          lemuel_tele_altar, fedhas_altar_1, roderic_three_in_a_row,
          minmay_bisected, uniq_terence
D:4:      gammafunk_cloud_chamber, layout_loops_ring, mainiacjoe_overflow_paths,
          lemuel_crystal_altar, old_standard_altar, abandoned_shop
D:5:      layout_cave_pools, minmay_temple_entry_waves, serial_shops,
          nicolae_shop_peninsula
D:6:      layout_basic, amcnicky_altar_gilded, lemuel_doored_altar,
          overflow_temple_1_default, uniq_sigmund
D:7:      layout_layer_cave, kennysheep_little_box, minmay_misc_feat_doors,
          chequers_garden
Temple:   hellmonk_temple_beads

Skill      XL: |  1  2  3  4  5  6  7  8  9 |
---------------+----------------------------+-----
Stealth        | 10 | 10.4
Short Blades   | 1 2 3 4 |  4.1
Long Blades    | 1 2 3 4 |  4.1
Axes           | 1 2 3 4 |  4.1
Maces & Flails | 1 2 3 4 |  4.1
Polearms       | 1 2 3 4 |  4.1
Staves         | 1 2 3 4 |  4.1
Ranged Weapons | 1 2 3 4 |  4.1
Throwing       | 1 2 3 4 |  4.1
Armour         | 1 2 3 4 |  4.1
Shields        | 1 2 3 4 |  4.1
Spellcasting   | 1 2 3 4 |  4.1
Invocations    | 1 2 3 4 |  4.5
Evocations     | 1 2 3 4 |  4.1
Conjurations   | 1 2 3 |  3.4
Hexes          | 1 2 3 |  3.4
Summonings     | 1 2 3 |  3.4
Necromancy     | 1 2 3 |  3.4
Translocations | 1 2 3 |  3.4
Transmutations | 1 2 3 |  3.4
Fire Magic     | 1 2 3 |  3.4
Ice Magic      | 1 2 3 |  3.4
Air Magic      | 1 2 3 |  3.4
Earth Magic    | 1 2 3 |  3.4
Poison Magic   | 1 2 3 |  3.4
Dodging        | 5 6 |  6.2
Unarmed Combat | 5 6 |  6.2
Fighting       | 7 |  7.8

Action                     |  1- 3 |  4- 6 |  7- 9 || total
---------------------------+-------+-------+-------++-------
  Melee: Short sword       |    57 |    83 |    25 ||   165
         Bite              |     8 |    23 |    20 ||    51
         Unarmed           |     1 |       |       ||     1
         Punch             |     1 |     8 |     7 ||    16
         Hand axe          |       |   129 |   134 ||   263
 Invoke: Curse Item        |     1 |     1 |     1 ||     3
    Use: Potion            |       |       |     1 ||     1
   Stab: Sleeping          |     3 |    24 |     6 ||    33
         Distracted        |       |     1 |       ||     1
 Armour: Leather armour    |    22 |    59 |    36 ||   117
  Dodge: Dodged            |    42 |   147 |   145 ||   334
